 Dungeon Crawl Stone Soup version 0.29.0-11-gd7f09526c8 (webtiles) character file.

Game seed: 15876065700846323470

729 GigaChad the Slasher (level 7, -5/63 HPs)
             Began as a Minotaur Cinder Acolyte on Sept 6, 2022.
             Was a High Priest of Ignis.
             Killed from afar by Dowan (14 damage)
             ... with a stone arrow
             ... on level 5 of the Dungeon.
             The game lasted 00:10:13 (5040 turns).

GigaChad the Slasher (Minotaur Cinder Acolyte)      Turns: 5040, Time: 00:10:13

Health: -5/63      AC:  4    Str: 21    XL:     7   Next: 44%
Magic:  7/7        EV: 12    Int: 11    God:    Ignis [*****.]
Gold:   1027       SH:  0    Dex:  5    Spells: 8/8 levels left

rFire   + + .      SeeInvis .   a - +0 falchion (flame)
rCold   x . .      Faith    .   (no shield)
rNeg    . . .      Spirit   .   b - +1 robe
rPois   .          Reflect  .   m - +1 hat {Will+}
rElec   .          Harm     .   (no cloak)
rCorr   .          Rampage  .   (no gloves)
Will    +....                   (no boots)
Stlth   +.........              (no amulet)
HPRegen 0.20/turn               e - ring of fire
MPRegen 0.10/turn               l - ring of flight

@: flying
A: horns 2, retaliatory headbutt
a: Renounce Religion, Fiery Armour, Foxfire Swarm, Rising Flame


You were on level 5 of the Dungeon.
You worshipped Ignis.
Ignis was extremely pleased with you.
You visited 2 branches of the dungeon, and saw 6 of its levels.

You collected 1027 gold pieces.

Inventory:

Hand Weapons
 a - a +0 falchion of flaming (weapon)
Missiles
 o - 3 poisoned darts (quivered)
Armour
 b - a +1 robe (worn)
 m - a +1 hat of willpower (worn)
Jewellery
 e - a ring of fire (left hand)
 l - a ring of flight (right hand)
Wands
 f - a wand of roots (4)
 p - a wand of mindburst (14)
Scrolls
 d - 3 scrolls of identify
 k - a scroll of fear {unknown}
Potions
 c - a potion of mutation {unknown}
 g - a potion of brilliance {unknown}
 h - 2 potions of curing {unknown}
 i - a potion of might {unknown}
 n - a potion of cancellation {unknown}


   Skills:
 + Level 6.1 Fighting
 + Level 7.6 Long Blades
 + Level 3.4 Dodging
 + Level 1.5 Stealth
 + Level 1.0 Spellcasting
 + Level 2.5 Fire Magic


You had 8 spell levels left.
You didn't know any spells.
Your spell library contained the following spells:

 Spells                   Type           Power      Damage    Failure   Level
 Scorch                   Fire           18%        2d5       17%         2
 Magic Dart               Conj           0%         1d3       32%         1
 Call Imp                 Summ           0%         N/A       43%         2
 Mephitic Cloud           Conj/Pois/Air  0%         N/A       67%         3


Dungeon Overview and Level Annotations

Branches:
Dungeon (5/15)             Temple (1/1) D:5

Altars:
Dithmenos
Elyvilon
Fedhas
Gozag
Hepliaklqana
Makhleb
Nemelex Xobeh
Qazlal
Ru
Sif Muna
Uskayaw
Vehumet
Xom
Yredelemnul
Zin
The Shining One

Annotations:
D:5 Dowan


Innate Abilities, Weirdness & Mutations

You have a pair of horns on your head.
You reflexively headbutt those who attack you in melee.


Message History

Dowan hits you with a +2 dagger of pain.
You miss Dowan. Your headbutt misses Dowan.
Dowan hits you with a +2 dagger of pain.
You writhe in agony.
Dowan hits you with a +2 dagger of pain.
You closely miss Dowan. Your headbutt misses Dowan. Dowan barely misses you.
You furiously retaliate!
You headbutt Dowan. You barely miss Dowan. Your headbutt misses Dowan.
Dowan is moderately wounded.
Dowan barely misses you.
Dowan hits you with a +2 dagger of pain.
You writhe in agony.
You closely miss Dowan.
Dowan is moderately wounded.
Dowan closely misses you.
You barely miss Dowan. Your headbutt misses Dowan.
Dowan is moderately wounded.
Dowan points at you and mumbles some strange words.
The stone arrow hits you.
You closely miss Dowan.
Dowan is moderately wounded.
Dowan barely misses you. Dowan gestures at you while chanting.
The stone arrow misses you.
You hit Dowan. You burn Dowan.
Dowan is heavily wounded.
Dowan gestures wildly while chanting.
Dowan blinks!
Dowan gestures wildly while chanting.
Dowan blinks!
Dowan casts a spell at you. The stone arrow hits you!
* * * LOW HITPOINT WARNING * * *
Dowan says, "Her death will not be in vain!"
You slash Dowan! You burn Dowan.
Dowan is almost dead.
Dowan misses you. Dowan gestures at you while chanting.
The stone arrow hits you!
You die...

#....)..#
#....
###.....#
#....
#.....#
#####
#.....#
#.....#
######.....#
#....!.....#
#..........#
#@.....#####
###e.....#
.........#
.......####
........#
...)....#
........#
.........#
....


You could see Dowan (fast).

Vanquished Creatures
  Duvessa (D:5)
  An ice beast (D:5)
  A scorpion (D:4)
  A necrophage (D:4)
  2 howler monkeys
  A jelly (D:5)
  4 hounds
  2 iguanas (D:5)
  3 gnolls (D:5)
  5 adders
  An ufetubus (D:4)
  A dart slug (D:2)
  An orc (D:3)
  6 ball pythons
  6 endoplasms
  5 giant cockroaches
  2 goblins (D:2)
  5 hobgoblins
  3 jackals (D:5)
  4 quokkas
  8 bats
  3 frilled lizards (D:2)
  6 kobolds
  8 rats
80 creatures vanquished.

Notes
Turn   | Place    | Note
-------+----------+-------------------------------------------
     0 | D:1      | GigaChad the Minotaur Cinder Acolyte began the quest for
                  | the Orb.
     0 | D:1      | Reached XP level 1. HP: 19/19 MP: 1/1
   121 | D:1      | You fall into a shaft and drop 1 floor!
   349 | D:2      | Found a faded altar of an unknown god.
   364 | D:2      | Reached XP level 2. HP: 27/27 MP: 2/2
   412 | D:2      | Reached skill level 4 in Long Blades
   419 | D:2      | Identified a scroll of acquirement
   419 | D:2      | Acquired 746 gold pieces
   977 | D:2      | Reached XP level 3. HP: 27/34 MP: 3/3
  2027 | D:3      | Reached XP level 4. HP: 39/41 MP: 4/4
  2462 | D:4      | Noticed a scorpion
  2470 | D:4      | Killed a scorpion
  2471 | D:4      | Reached skill level 5 in Fighting
  2471 | D:4      | Reached skill level 5 in Long Blades
  2471 | D:4      | Reached skill level 1 in Dodging
  2490 | D:4      | Reached XP level 5. HP: 23/48 MP: 5/5
  3064 | D:4      | Reached skill level 1 in Stealth
  3261 | D:4      | Reached XP level 6. HP: 45/56 MP: 6/6
  3394 | D:4      | Reached skill level 6 in Long Blades
  3558 | D:5      | Entered Level 5 of the Dungeon
  3612 | D:5      | Found a staircase to the Ecumenical Temple.
  3637 | Temple   | Entered the Ecumenical Temple
  3842 | D:5      | Noticed an ice beast
  3851 | D:5      | Killed an ice beast
  4231 | D:5      | Reached skill level 7 in Long Blades
  4231 | D:5      | Reached XP level 7. HP: 53/62 MP: 7/7
  4290 | D:5      | Noticed Dowan
  4292 | D:5      | Noticed Duvessa
  4306 | D:5      | Killed Duvessa
  5040 | D:5      | Killed from afar by Dowan

Illustrated notes

Levels and vault maps discovered:
D:1:      onia_arrival_pentagram, layout_basic, st_stairs_7
D:2:      layout_basic, chequers_ecumenical_altar_simple_redux,
          minmay_pentomino_u4
D:3:      layout_basic, gup_sewer_entry_spiral
D:4:      layout_layer_cave
D:5:      layout_basic, minmay_temple_entry_arrows, uniq_duvessa
Temple:   kb_temple_of_zot

Skill      XL: |  1  2  3  4  5  6  7 |
---------------+----------------------+-----
Fighting       | 4 5 6 |  6.1
Long Blades    | 4 5 7 |  7.6
Dodging        | 1 2 3 |  3.4
Stealth        | 1 |  1.5
Spellcasting   | |  1.0
Fire Magic     | |  2.5

Action                   |  1- 3 |  4- 6 |  7- 9 || total
-------------------------+-------+-------+-------++-------
Melee: Falchion          |    97 |   111 |    41 ||   249
       Headbutt          |    15 |    14 |     5 ||    34
       Punch             |       |     3 |     1 ||     4
Evoke: Wand              |       |       |     2 ||     2
  Use: Scroll            |     7 |     1 |     1 ||     9
Armor: Robe              |    16 |    30 |     4 ||    50
Dodge: Dodged            |    66 |    70 |    28 ||   164
